 Dungeon Crawl Stone Soup version 0.30-a0-571-gdf30a72648 (webtiles) character file.

Game seed: 13906177814566317838

1002 ryw the Grave Robber (level 8, -3/64 HPs)
             Began as a Hill Orc Necromancer on Dec 29, 2022.
             Killed from afar by a steam dragon (15 damage)
             ... with a ball of steam
             ... on level 6 of the Dungeon.
             The game lasted 00:18:17 (7125 turns).

ryw the Grave Robber (Hill Orc Necromancer)         Turns: 7125, Time: 00:18:18

Health: -3/64      AC:  4    Str: 11    XL:     8   Next: 20%
Magic:  9/13       EV: 12    Int: 17    God:
Gold:   270        SH:  0    Dex: 11    Spells: 4/13 levels left

rFire   . . .      SeeInvis .    n - +0 broad axe
rCold   . . .      Faith    .    (no shield)
rNeg    . . .      Spirit   .    a - +0 robe
rPois   .          Reflect  .    (no helmet)
rElec   .          Harm     .    (no cloak)
rCorr   .          Rampage  .    (no gloves)
Will    +....                    f - +1 pair of boots
Stlth   ++                       (no amulet)
HPRegen 0.30/turn                h - ring of willpower
MPRegen 0.13/turn                (no ring)

@: animating dead
A: no striking features
a: no special abilities


You were on level 6 of the Dungeon.
You visited 2 branches of the dungeon, and saw 8 of its levels.

You collected 270 gold pieces.

Inventory:

Hand Weapons
 n - a +0 broad axe (weapon)
Armour
 a - a +0 robe (worn)
 f - a +1 pair of boots (worn)
Jewellery
 h - a ring of willpower (left hand)
Scrolls
 c - a scroll of fear
 d - a scroll of enchant weapon {unknown}
Potions
 b - 3 potions of magic
 e - 2 potions of curing
 g - 2 potions of flight
 i - a potion of cancellation {unknown}
 j - a potion of lignification {unknown}
 k - a potion of haste {unknown}
 m - a potion of brilliance {unknown}


   Skills:
 + Level 3.6 Fighting
 + Level 2.7 Axes
 + Level 3.0 Dodging
 - Level 1.5 Stealth
 + Level 3.4 Spellcasting
 - Level 2.0 Summonings
 * Level 7.2 Necromancy


You had 4 spell levels left.
You knew the following spells:

 Your Spells              Type           Power      Damage    Failure   Level
a - Necrotise             Necr           100%       1d9       1%          1
b - Animate Dead          Necr           27%        N/A       9%          4
c - Summon Small Mammal   Summ           36%        N/A       8%          1
d - Vampiric Draining     Necr           27%        2d7       2%          3

Your spell library contained the following spells:

 Spells                   Type           Power      Damage    Failure   Level
 Dispel Undead            Necr           27%        3d13      9%          4
 Cigotuvi's Dreadful Rot  Necr/Pois/Air  22%        N/A       10%         2
 Call Canine Familiar     Summ           9%         N/A       22%         3
 Summon Guardian Golem    Hex/Summ       6%         N/A       32%         3
 Gell's Gravitas          Tloc           2%         N/A       45%         3
 Lesser Beckoning         Tloc           4%         N/A       45%         3
 Teleport Other           Tloc           2%         N/A       45%         3
 Agony                    Necr           27%        N/A       24%         5
 Death Channel            Necr           13%        N/A       78%         6


Dungeon Overview and Level Annotations

Branches:
Dungeon (7/15)             Temple (1/1) D:4

Altars:
Cheibriados
Fedhas
Gozag
Hepliaklqana
Makhleb
Nemelex Xobeh
Okawaru
Qazlal
Ru
Sif Muna
Trog
Uskayaw
Vehumet
Wu Jian
Zin
The Shining One

Annotations:
D:1 Terence
D:5 Menkaure


Message History

You now have 270 gold pieces (gained 12).
There is a stone staircase leading down here.
A steam dragon comes into view.
The orc warrior shouts!
You hear a bark!
The steam dragon hisses angrily.
A hound comes into view.
You slash the steam dragon!
The steam dragon is moderately wounded.
The steam dragon barely misses you. The steam dragon claws you.
You slash the steam dragon!
The steam dragon is severely wounded.
The steam dragon breathes steam at you. The ball of steam hits you!
The steam dragon bites you. The steam dragon claws you.
You slash the steam dragon!
The steam dragon is almost dead.
You are engulfed in a cloud of scalding steam.
The steam dragon bites you but does no damage.
The steam dragon claws you but does no damage.
You closely miss the steam dragon.
The steam dragon is almost dead.
You are engulfed in a cloud of scalding steam.
The steam dragon barely misses you. x2; The steam dragon closely misses you.
The steam dragon claws you but does no damage.
You closely miss the steam dragon.
The steam dragon is almost dead.
You are engulfed in a cloud of scalding steam.
* * * LOW HITPOINT WARNING * * *
The steam dragon closely misses you. x2
Casting: Vampiric Draining (dangerous; 2% risk of failure)
Confirm with . or Enter, or press ? or * to list all spells.
You call upon the dead to rise.
The steam dragon bites you.
* * * LOW HITPOINT WARNING * * *
The steam dragon completely misses you.
You barely miss the steam dragon.
The steam dragon is almost dead.
The steam dragon breathes steam at you. The ball of steam misses you.
The steam dragon breathes steam at you. The ball of steam hits you!
You die...

♣♣..♣ ♣.♣
#.##.
♣♣.♣♣♣.♣
#....
♣.♣...♣
#.##. .♣
♣.....♣♣
#.##. ..
♣♣
♣♣.....♣♣
#.##.
♣.♣.♣
♣.♣♣...♣
#..(.
...♣♣♣
♣.♣♣♣♣.♣
#.#..
♣.♣D♣♣♣♣.♣
♣.♣ #.#.#
♣..♣@♣♣.♣♣
♣♣.♣ #....
♣.o♣♣.§.♣♣
♣.♣♣ #...#
♣.♣ ♣♣♣♣♣
♣♣.♣ #..>.
♣.. ♣.♣♣
#.#.. ♣h♣
♣♣Z♣ #....
♣. ♣.♣♣
###### ♣
♣♣ ♣♣.♣
#...##
♣.♣♣o♣♣
#...##
♣o.o♣♣
###....


You could see a steam dragon (catching breath).

Vanquished Creatures
  An ogre (D:6)
  2 phantoms (D:5)
  A bullfrog (D:6)
  A scorpion (D:5)
  2 hounds (D:5)
  A gnoll bouda (D:5)
  An orc priest (D:5)
  An iguana (D:5)
  10 gnolls
  10 adders
  A white imp (D:6)
  3 dart slugs
  6 orcs
  11 ball pythons
  4 endoplasms
  A giant cockroach (D:3)
  4 goblins
  6 hobgoblins
  2 quokkas
  3 bats
  5 frilled lizards
  6 kobolds
  5 rats
87 creatures vanquished.

Vanquished Creatures (collateral kills)
  A necrophage (D:6)
  A scorpion (D:6)
  A howler monkey (D:6)
  An orc wizard (D:4)
  2 adders
  2 gnolls
  A dart slug (D:4)
  A ball python (D:3)
  A rat (D:1)
11 creatures vanquished.

Vanquished Creatures (others)
  A bullfrog zombie (D:6)
  A scorpion zombie (D:5)
  An ogre zombie (D:6)
  2 gnoll zombies (D:5)
  3 orc zombies (D:5)
  A fungus (D:3)
  7 plants
16 creatures vanquished.

Grand Total: 114 creatures vanquished

Notes
Turn   | Place    | Note
-------+----------+-------------------------------------------
     0 | D:1      | ryw the Hill Orc Necromancer began the quest for the Orb.
     0 | D:1      | Reached XP level 1. HP: 14/14 MP: 3/3
   214 | D:1      | Reached XP level 2. HP: 20/20 MP: 1/4
   429 | D:1      | Found a faded altar of an unknown god.
   889 | D:2      | Reached XP level 3. HP: 26/26 MP: 2/6
  1054 | D:2      | Noticed Terence
  1254 | D:2      | Reached skill level 5 in Necromancy
  1348 | D:2      | Reached XP level 4. HP: 33/33 MP: 5/7
  1463 | D:2      | Learned a level 4 spell: Animate Dead
  2650 | D:4      | Learned a level 1 spell: Summon Small Mammal
  2707 | D:4      | You fall into a shaft and drop 3 floors!
  2735 | D:5      | Entered Level 5 of the Dungeon
  2763 | D:5      | Noticed a phantom
  2872 | D:4      | Reached XP level 5. HP: 38/38 MP: 4/8
  3010 | D:4      | Found a staircase to the Ecumenical Temple.
  3021 | Temple   | Entered the Ecumenical Temple
  3425 | Temple   | Learned a level 3 spell: Vampiric Draining
  3683 | D:4      | Reached skill level 1 in Fighting
  4208 | D:4      | Reached XP level 6. HP: 22/47 MP: 4/10
  4761 | D:4      | Reached skill level 6 in Necromancy
  4954 | D:5      | Reached skill level 1 in Summonings
  5568 | D:5      | Reached XP level 7. HP: 19/56 MP: 3/11
  5745 | D:5      | HP: 2/56 [iguana (11)]
  6020 | D:5      | Reached skill level 1 in Axes
  6485 | D:5      | Noticed Menkaure
  6547 | D:6      | Reached skill level 7 in Necromancy
  6558 | D:6      | Reached XP level 8. HP: 18/63 MP: 3/13
  7125 | D:6      | Killed from afar by a steam dragon

Illustrated notes

Levels and vault maps discovered:
D:1:      giann_bridges, layout_rooms, shapermc_ecumenical_altar_starsandcircs,
          nrook_mini_vaults
D:2:      layout_rooms, serial_bayou_pond_d, minmay_misc_feat_iff, uniq_terence
D:3:      layout_rooms, minmay_shallow_snake_nest
D:4:      layout_basic, minmay_temple_entry_ruins
D:5:      layout_rooms, amethyst_overflow_temple_binary, serial_corexii_hall,
          corexii_hall_statues_s, corexii_hall_statues_x, uniq_menkaure,
          uniq_crazy_yiuf_cottage
D:6:      kb_forest_paths, layout_basic, nicolae_elyvilon_temple_path,
          uniq_blork_the_orc
D:7:      minmay_general_purpose_star, layout_cave_pools, serial_shops,
          shop_coins, dilly_guarded_unrand_devastator
Temple:   regret_index_temple_sphere_string

Skill      XL: |  1  2  3  4  5  6  7  8 |
---------------+-------------------------+-----
Spellcasting   | 2 3 |  3.4
Necromancy     | 5 6 7 |  7.2
Fighting       | 1 2 3 |  3.6
Dodging        | 2 3 |  3.0
Summonings     | 1 2 |  2.0
Axes           | 2 |  2.7
Stealth        | |  1.5

Action                   |  1- 3 |  4- 6 |  7- 9 || total
-------------------------+-------+-------+-------++-------
Melee: Unarmed           |     1 |       |       ||     1
       Dagger            |    13 |     2 |       ||    15
       Punch             |     1 |     2 |       ||     3
       Long sword        |       |   136 |       ||   136
       Rapier            |       |     4 |       ||     4
       Broad axe         |       |    12 |    63 ||    75
 Cast: Necrotise         |    62 |    54 |     1 ||   117
       Summon Small Mamm |       |    25 |       ||    25
       Animate Dead      |       |    10 |     4 ||    14
       Vampiric Draining |       |     5 |    11 ||    16
  Use: Potion            |     2 |     3 |       ||     5
       Scroll            |       |     5 |       ||     5
 Stab: Sleeping          |       |       |     1 ||     1
Armor: Robe              |     9 |    44 |    17 ||    70
Dodge: Dodged            |    19 |   185 |    68 ||   272

Table legend: (Time is in decaauts)
 A = Elapsed time spent in this place.
 B = Non-inter-level travel time spent in this place.
 C = Inter-level travel time spent in this place.
 D = Time resting spent in this place.
 E = Time spent auto-exploring this place.
 F = Levels seen in this place.
 G = Mean time per level.
                   A        B        C        D        E       F      G
               +--------+--------+--------+--------+--------+-----+--------+
         Total |   7398 |   7080 |    318 |   2011 |   3732 |   8 |  924.8 |
       Dungeon |   6859 |   6559 |    300 |   1696 |   3600 |   7 |  979.9 |
        Temple |    539 |    521 |     18 |    315 |    132 |   1 |  539.0 |
               +--------+--------+--------+--------+--------+-----+--------+

Top non-repeatable levels by time:
     D:4: 2333 daAuts
     D:5: 1242 daAuts
     D:1: 1038 daAuts
     D:2: 936 daAuts
     D:3: 659 daAuts
     D:6: 636 daAuts
  Temple: 539 daAuts
     D:7: 12 daAuts
